 Dungeon Crawl Stone Soup version 0.28-a0-863-g8cecda6153 (webtiles) character file.

Game seed: 5459033851418866552

2154 mcbry74 the Cleaver (level 9, -18/81 HPs)
             Began as a Hill Orc Fighter on Nov 17, 2021.
             Demolished by a two-headed ogre (26 damage)
             ... on level 6 of the Dungeon.
             The game lasted 00:19:01 (6488 turns).

mcbry74 the Cleaver (Hill Orc Fighter)              Turns: 6488, Time: 00:19:03

Health: -18/81     AC:  8    Str: 22    XL:     9   Next: 31%
Magic:  9/9        EV: 10    Int:  8    God:
Gold:   217        SH: 10    Dex: 10    Spells: 8/8 levels left

rFire   + . .      SeeInvis .   t - +5 war axe
rCold   + . .      Faith    .   c - +0 buckler
rNeg    . . .      Spirit   .   z - +2 ring mail {rC+}
rPois   .          Reflect  +   (no helmet)
rElec   .          Harm     .   (no cloak)
rCorr   .          Rampage  .   (no gloves)
Will    .....                   (no boots)
Stlth   ..........              B - amulet of reflection
HPRegen 0.23/turn               y - ring of protection from fire
MPRegen 0.11/turn               (no ring)

@: no status effects
A: no striking features
a: no special abilities


You were on level 6 of the Dungeon.
You visited 1 branch of the dungeon, and saw 6 of its levels.
You also visited: Ossuary.

You collected 217 gold pieces.

Inventory:

Hand Weapons
 a - a +0 war axe of venom
 h - a +4 battleaxe
 i - a +2 hand axe of electrocution
 j - a +0 battleaxe
 t - a +5 war axe (weapon)
Missiles
 e - 154 stones (quivered)
 v - 2 throwing nets
Armour
 b - a +1 scale mail
 c - a +0 buckler (worn)
 z - a +2 ring mail of cold resistance (worn)
Jewellery
 w - an amulet of guardian spirit
 y - a ring of protection from fire (left hand)
 B - an amulet of reflection (around neck)
Wands
 A - a wand of flame (19)
Scrolls
 f - a scroll of acquirement {unknown}
 m - 2 scrolls of enchant armour
 n - 2 scrolls of fog
 o - a scroll of torment {unknown}
Potions
 d - a potion of might
 g - a potion of berserk rage
 k - a potion of invisibility
 l - 4 potions of heal wounds
 p - a potion of attraction
 q - a potion of flight
 r - 2 potions of curing
 s - 2 potions of cancellation {unknown}
 u - a potion of mutation {unknown}
 x - a potion of magic {unknown}


   Skills:
 + Level 8.2 Fighting
 + Level 10.7 Axes
 - Level 6.0 Armour
 - Level 6.0 Shields


You had 8 spell levels left.
You didn't know any spells.
Your spell library contained the following spells:

 Spells                   Type           Power      Damage    Failure   Level
 Ensorcelled Hibernation  Hex/Ice        0%         N/A       69%         2
 Ignite Poison            Fire/Tmut/Pois 0%         N/A       89%         3
 Mephitic Cloud           Conj/Pois/Air  0%         N/A       89%         3
 Tukima's Dance           Hex            0%         N/A       89%         3
 Freezing Cloud           Conj/Ice/Air   0%         6-21      100%        5
 Borgnjor's Revivificati  Necr           0%         N/A       100%        8
 Necromutation            Tmut/Necr      0%         N/A       100%        8
 Death's Door             Necr           0%         N/A       100%        9


Dungeon Overview and Level Annotations

Branches:
Dungeon (6/15)            Ossuary (visited)
 Temple: D:4-7

Altars:
Dithmenos
Hepliaklqana
The Shining One

Annotations:
D:2 1 runed translucent door, Crazy Yiuf


Message History

Found a stone staircase leading down.
s - a bubbling grey potion
Found a leather armour.
There is a stone staircase leading down here.
A two-headed ogre comes into view. It is wielding two +0 giant clubs.
The two-headed ogre shouts in stereo!
The two-headed ogre moves out of view.
s - 2 bubbling grey potions (gained 1)
An ogre comes into view. It is wielding a +0 giant club.
The ogre shouts!
Found 12 gold pieces.
There is a stone staircase leading up here.
You block the ogre's attack.
You climb upwards.
There is a stone staircase leading down here.
You slice the ogre!!
The ogre is severely wounded.
The ogre closely misses you.
You slash the ogre!
You kill the ogre!
You climb downwards.
The two-headed ogre hits you with a +0 giant club!!
You block the two-headed ogre's attack.
The two-headed ogre hits you with a +0 giant club! x2
There is a stone staircase leading up, spattered with blood here.
You slash the two-headed ogre!
The two-headed ogre is lightly wounded.
You barely miss the two-headed ogre.
The two-headed ogre is lightly wounded.
The two-headed ogre hits you with a +0 giant club! x2
* * * LOW HITPOINT WARNING * * *
You slash the two-headed ogre!
The two-headed ogre is moderately wounded.
The two-headed ogre hits you with a +0 giant club!
* * * LOW HITPOINT WARNING * * *
The two-headed ogre barely misses you.
You slash the two-headed ogre!
The two-headed ogre is heavily wounded.
The two-headed ogre hits you with a +0 giant club!!
You die...

.........###................#.,**
..#.......##......[...........,,*
..#.........................#,,,,
.>...........###..........##*,,,,
.........#...# #...........##***,
#....<..##...###......<.....#,,,,
#.............................,**
..............................,,,
##...##.........@O............,,,
###[.#.......................,,,
*##.....#.............##....,,*
*.......##.............,....,,*
*#.......#..#..........,,.!.,**
##.#....!..#..##.#...,,,,,,,,,
###...#...##.#,###..,,,,,,,,*
*,,*#$..*...,,,,..,,,,,,,,,
****,,,*,,,*,,,,,,,,****,,,**,


You could see a two-headed ogre.

Vanquished Creatures
  2 wraiths (Ossuary)
  An orc warrior (D:6)
  A black bear (D:5)
  An ice beast (D:5)
  3 ogres
  A centaur (D:5)
  2 phantoms
  A kobold brigand (D:4)
  A gnoll sergeant (D:5)
  2 scorpions (D:5)
  4 wights (Ossuary)
  A centaur zombie (Ossuary)
  A bullfrog zombie (D:5)
  A jelly (D:5)
  A hound (D:5)
  An orc priest (D:3)
  Terence (D:3)
  Natasha (D:3)
  5 orc wizards
  A hound skeleton (D:5)
  Robin (D:2)
  11 gnolls
  7 adders
  A shadow imp (D:5)
  2 ufetubi
  3 adder zombies (Ossuary)
  2 adder skeletons (D:4)
  2 worms (D:2)
  2 dart slugs (D:4)
  18 orcs
  3 bats
  7 endoplasms
  4 giant cockroaches
  13 goblins
  11 hobgoblins
  2 jackals (D:3)
  4 quokkas
  4 ball pythons
  A ball python skeleton (Ossuary)
  2 frilled lizards
  A hobgoblin zombie (Ossuary)
  7 kobolds
  An orc zombie (Ossuary)
  5 rats
146 creatures vanquished.

Vanquished Creatures (collateral kills)
  A rat (D:2)
1 creature vanquished.

Grand Total: 147 creatures vanquished

Notes
Turn   | Place    | Note
-------+----------+-------------------------------------------
     0 | D:1      | mcbry74 the Hill Orc Fighter began the quest for the Orb.
     0 | D:1      | Reached XP level 1. HP: 19/19 MP: 1/1
    67 | D:1      | Reached skill level 3 in Axes
   488 | D:2      | Reached XP level 2. HP: 16/26 MP: 2/2
   628 | D:2      | Reached skill level 4 in Axes
   718 | D:2      | Found a runed translucent door.
   719 | D:2      | Noticed Crazy Yiuf
   752 | D:2      | Noticed Robin
   769 | D:2      | Reached XP level 3. HP: 22/31 MP: 3/3
  1002 | D:2      | Killed Robin
  1003 | D:2      | Reached skill level 5 in Axes
  1090 | D:2      | Reached XP level 4. HP: 28/39 MP: 4/4
  1333 | D:2      | Reached skill level 6 in Axes
  1968 | D:3      | Found a shadowy altar of Dithmenos.
  1984 | D:3      | Reached XP level 5. HP: 16/45 MP: 5/5
  2356 | D:3      | Noticed Terence
  2369 | D:3      | Killed Terence
  2370 | D:3      | Reached skill level 7 in Axes
  2813 | D:3      | Noticed Natasha
  2825 | D:3      | Killed Natasha
  2986 | D:3      | Reached XP level 6. HP: 49/52 MP: 6/6
  3507 | D:4      | Found a sand-covered staircase.
  3526 | D:4      | Reached XP level 7. HP: 14/60 MP: 7/7
  3531 | Ossuary  | Entered an ossuary
  3862 | Ossuary  | Reached skill level 8 in Axes
  3921 | Ossuary  | Reached skill level 5 in Fighting
  3941 | Ossuary  | Noticed a wraith
  3941 | Ossuary  | Noticed a flying skull
  3948 | Ossuary  | Noticed a flying skull
  3950 | Ossuary  | Noticed a flying skull
  3975 | Ossuary  | Noticed a flying skull
  3978 | Ossuary  | Noticed a flying skull
  4061 | Ossuary  | Noticed a wraith
  4072 | Ossuary  | Killed a wraith
  4386 | Ossuary  | Noticed a wraith
  4391 | Ossuary  | Killed a wraith
  4392 | Ossuary  | Reached skill level 5 in Armour
  4392 | Ossuary  | Reached skill level 5 in Shields
  4392 | Ossuary  | Reached XP level 8. HP: 66/70 MP: 8/8
  4594 | D:4      | Paralysed by a gnoll for 6 turns
  4895 | D:4      | Found a glowing golden altar of the Shining One.
  5177 | D:5      | Entered Level 5 of the Dungeon
  5213 | D:5      | Found a hazy altar of Hepliaklqana.
  5223 | D:5      | Reached skill level 9 in Axes
  5893 | D:5      | Reached skill level 10 in Axes
  5893 | D:5      | Reached XP level 9. HP: 70/79 MP: 9/9
  6465 | D:6      | Noticed a two-headed ogre
  6488 | D:6      | Demolished by a two-headed ogre

Illustrated notes

Levels and vault maps discovered:
D:1:      lemuel_arrival_tunnels, layout_basic,
          hellmonk_ecumenical_altar_prayer_group
D:2:      minmay_recursive_quarters, layout_basic, minmay_stone_trees_medium,
          uniq_crazy_yiuf_cottage, uniq_robin
D:3:      layout_rooms, mainiacjoe_overflow_concentric_impassable,
          minmay_misc_feat_alley, kennysheep_flooded_box, uniq_terence,
          uniq_natasha
D:4:      layout_rooms, mainiacjoe_overflow_surrounded_room, enter_ossuary_5
D:5:      layout_basic, mainiacjoe_overflow_catwalk,
          chequers_serial_rivers_large_a
D:6:      layout_cave_pools, chequers_temple_overflow_statue_of_worship

Skill      XL: |  1  2  3  4  5  6  7  8  9 |
---------------+----------------------------+-----
Axes           | 3 4 5 6 7 8 10 | 10.7
Fighting       | 4 5 7 8 |  8.2
Armour         | 4 5 6 |  6.0
Shields        | 4 5 6 |  6.0

Action                   |  1- 3 |  4- 6 |  7- 9 || total
-------------------------+-------+-------+-------++-------
Melee: War axe           |    77 |   100 |   143 ||   320
       Hand axe          |       |    68 |    36 ||   104
Throw: Stone             |       |     5 |       ||     5
  Use: Scroll            |     1 |     4 |     6 ||    11
       Potion            |       |       |     1 ||     1
Armor: Scale mail        |    29 |    72 |    26 ||   127
       Ring mail         |       |       |    26 ||    26
Dodge: Dodged            |    35 |    71 |    84 ||   190
Block: Buckler           |    15 |    36 |    72 ||   123
       Reflection        |       |       |     2 ||     2

Table legend: (Time is in decaauts)
 A = Elapsed time spent in this place.
 B = Non-inter-level travel time spent in this place.
 C = Inter-level travel time spent in this place.
 D = Time resting spent in this place.
 E = Time spent auto-exploring this place.
 F = Levels seen in this place.
 G = Mean time per level.
                   A        B        C        D        E       F      G
               +--------+--------+--------+--------+--------+-----+--------+
         Total |   6575 |   6526 |     49 |   1902 |   3389 |   7 |  939.3 |
       Dungeon |   5630 |   5581 |     49 |   1427 |   3055 |   6 |  938.3 |
       Ossuary |    945 |    945 |      0 |    475 |    334 |   1 |  945.0 |
               +--------+--------+--------+--------+--------+-----+--------+

Top non-repeatable levels by time:
     D:2: 1324 daAuts
     D:3: 1255 daAuts
     D:4: 1136 daAuts
     D:5: 1086 daAuts
 Ossuary: 945 daAuts
     D:1: 591 daAuts
     D:6: 235 daAuts
